 Dungeon Crawl Stone Soup version 0.28-a0-1182-g381e24db82 (webtiles) character file.

Game seed: 12798130001203294507

332 freelancePsychic the Twirler (level 6, -11/48 HPs)
             Began as a Formicid Wanderer on Dec 16, 2021.
             Was an Initiate of Gozag.
             Mangled by Blork the orc (13 damage)
             ... on level 4 of the Dungeon.
             The game lasted 00:07:49 (4686 turns).

freelancePsychic the Twirler (Formicid Wanderer)    Turns: 4686, Time: 00:07:50

Health: -11/48     AC: 13    Str: 16 (17) XL:     6   Next: 82%
Magic:  6/6        EV:  4    Int:  8 (10) God:    Gozag
Gold:   175        SH:  4    Dex: 11 (13) Spells: 5/5 levels left

rFire   . . .      SeeInvis +   a - +0 quarterstaff (vorpal)
rCold   . . .      Faith    .   c - +0 buckler
rNeg    . . .      Spirit   .   h - +0 plate armour
rPois   .          Reflect  .   (helmet unavailable)
rElec   .          Harm     .   (no cloak)
rCorr   .          Rampage  .   (no gloves)
Will    .....                   e - +1 pair of boots {Fly}
Stlth   ..........              (no amulet)
HPRegen 0.16/turn               (no ring)
MPRegen 0.10/turn               (no ring)

@: flying
A: permanent stasis, dig shafts and tunnels, antennae 3, four strong arms
a: Dig, Shaft Self, Renounce Religion, Potion Petition, Call Merchant, Bribe
Branch


You were on level 4 of the Dungeon.
You worshipped Gozag.
Gozag was aware of your devotion.
You visited 2 branches of the dungeon, and saw 5 of its levels.

You collected 223 gold pieces.
You paid 48 gold pieces to Gozag.

Inventory:

Hand Weapons
 a - a +0 vorpal quarterstaff (weapon)
 b - a +0 hand axe
Missiles
 g - a throwing net
Armour
 c - a +0 buckler (worn)
 d - a +0 leather armour
 e - a +1 pair of boots of flying (worn)
 h - a +0 plate armour (worn)
Wands
 m - a wand of iceblast (6)
Scrolls
 f - a scroll of teleportation {@r4}
 i - a scroll of noise {unknown}
 j - a scroll of identify {@r1}
 k - 2 scrolls of immolation {unknown}
 n - a scroll of enchant weapon


   Skills:
 + Level 4.0 Fighting
 - Level 1.0(1.9) Axes
 * Level 2.5(4.0) Maces & Flails
 - Level 4.6(4.9) Staves
 - Level 1.0 Throwing
 + Level 3.0 Armour
 - Level 1.2 Stealth
 - Level 2.4 Shields


You had 5 spell levels left.
You didn't know any spells.
Your spell library contained the following spells:

 Spells                   Type           Power      Damage    Failure   Level
 Summon Guardian Golem    Hex/Summ       0%         N/A       100%        3
 Summon Forest            Summ/Tloc      0%         N/A       100%        5
 Dispersal                Tloc           0%         N/A       100%        6
 Orb of Destruction       Conj           0%         N/A       100%        7
 Spellforged Servitor     Conj/Summ      0%         N/A       100%        7


Dungeon Overview and Level Annotations

Branches:
Dungeon (4/15)             Temple (1/1) D:4

Altars:
Cheibriados
Fedhas
Gozag
Kikubaaqudgha
Makhleb
Nemelex Xobeh
Okawaru
Qazlal
Ru
Uskayaw
Yredelemnul
Zin

Shops:
D:3 (   D:4 :

Annotations:
D:2 Sigmund
D:4 Blork the orc, Edmund


Innate Abilities, Weirdness & Mutations

You cannot be hasted, slowed, berserked, paralysed or teleported.
You can dig through walls and to a lower floor.
You have a pair of large antennae on your head. (SInv)
Your four strong arms can wield two-handed weapons with a shield.


Message History

You feel better.
Blork the orc hits you with a +5 mace of protection.
You feel better. Blork the orc casts a spell at you. The magic dart hits you!
Blork the orc casts a spell at you.
The puff of flame hits you but does no damage.
You closely miss Blork the orc.
Blork the orc is lightly wounded.
Blork the orc hits you with a +5 mace of protection!
Blork the orc casts a spell at you. The puff of frost hits you.
There is an open door here.
As you read the scroll labelled KUSEAKKIORU, it crumbles to dust.
It is a scroll of identify.
n - a scroll of enchant weapon Blork the orc hits you with a +5 mace of protection!
* * * LOW HITPOINT WARNING * * *
You block Blork the orc's attack.
Okay, then.
It was a potion of degeneration.
There was something very wrong with that liquid.
You feel weakened.
You feel dopey.
You feel clumsy.
Blork the orc hits you but does no damage.
Blork the orc gestures at you while chanting.
The puff of frost hits you.
* * * LOW HITPOINT WARNING * * *
Blork the orc looks satisfied for a moment.
Blork the orc grins evilly.
Okay, then.
Blork the orc hits you with a +5 mace of protection!
* * * LOW HITPOINT WARNING * * *
Blork the orc screams, "I'll cover the dungeon with your blood!"
Are you sure you want to shaft yourself?
Blork the orc barely misses you.
You begin to dig a shaft.
You continue digging a shaft.
Blork the orc hits you but does no damage.
Blork the orc hits you with a +5 mace of protection!
You die...
Your body crumbles into a pile of gold.

≈≈.≈≈)............#.........###.#
#####)........##'##.........# #..
# #.........##.##.........# ##. #
#.........##.##...####### #. #
#..........#.##...# #.
#####..........#.##...# #.
....'..........#.##...##### #.
#####...........o.........# #.
................@.........# #.
####........).#...........# #.
..............#...........# #.
.###.........)#.##.######## #.
.......#'####............# #.
.####.....# #............#### #.
.#<.@.....# #...............# #.
#####.....# ##...........##.#
....'.....# #...........##.#


You could see Blork the orc (fast).

Vanquished Creatures
  A water moccasin skeleton (D:4)
  A bullfrog skeleton (D:3)
  Ijyb (D:3)
  2 orc wizards (D:2)
  Robin (D:4)
  7 adders
  An ufetubus (D:4)
  An adder skeleton (D:4)
  4 worms
  A dart slug (D:1)
  2 orcs (D:2)
  6 endoplasms
  5 giant cockroaches
  18 goblins
  6 hobgoblins
  2 quokkas (D:1)
  A ball python (D:2)
  8 bats
  3 frilled lizards
  9 kobolds
  4 rats
84 creatures vanquished.

Vanquished Creatures (others)
  9 plants (D:2)
9 creatures vanquished.

Grand Total: 93 creatures vanquished

Notes
Turn   | Place    | Note
-------+----------+-------------------------------------------
     0 | D:1      | freelancePsychic the Formicid Wanderer began the quest for
                  | the Orb.
     0 | D:1      | freelancePsychic set off with the following items: a +0
                  | vorpal quarterstaff, a +0 hand axe, a +0 buckler, a +0
                  | leather armour
     0 | D:1      | Reached XP level 1. HP: 16/16 MP: 1/1
   376 | D:1      | Reached XP level 2. HP: 20/23 MP: 2/2
   569 | D:1      | Identified a scroll of acquirement
   569 | D:1      | Acquired a +1 pair of boots of flying
   698 | D:1      | Reached XP level 3. HP: 21/28 MP: 3/3
   939 | D:1      | Found a faded altar of an unknown god.
  1583 | D:2      | Reached XP level 4. HP: 30/34 MP: 4/4
  1801 | D:2      | Reached XP level 5. HP: 13/41 MP: 5/5
  2439 | D:2      | Found a sparkling altar of Nemelex Xobeh.
  2489 | D:2      | Noticed Sigmund
  2626 | D:3      | Got the Disquisition on Dislocation
  2667 | D:3      | Found Luroj's Weapon Shoppe.
  2806 | D:3      | Reached skill level 1 in Maces & Flails
  2838 | D:3      | Noticed Ijyb
  2865 | D:3      | Killed Ijyb
  2866 | D:3      | Reached XP level 6. HP: 34/47 MP: 6/6
  3642 | D:4      | Found Qealot's Self-Improvement Boutique.
  3680 | D:4      | Found a staircase to the Ecumenical Temple.
  3699 | Temple   | Entered the Ecumenical Temple
  3786 | Temple   | Became a worshipper of Gozag Ym Sagoz the Greedy
  3862 | D:4      | Noticed Blork the orc
  3990 | D:4      | Noticed Robin
  4179 | D:4      | Killed Robin
  4360 | D:4      | Noticed Edmund
  4621 | D:4      | Found a hide-covered altar of Uskayaw.
  4683 | D:4      | HP: 2/48 [Blork the orc (10)]
  4686 | D:4      | Mangled by Blork the orc

Illustrated notes

Levels and vault maps discovered:
D:1:      sevenhm_arrival_forest_fort_small_4, layout_basic,
          chequers_ecumenical_altar_simple, chequers_serial_rivers_small_a
D:2:      layout_rooms, basic_altar, hex_intersection, serial_bayou_lagoon_a,
          minmay_misc_feat_rugged, minmay_misc_feat_square, uniq_sigmund
D:3:      layout_basic, serial_shops, nicolae_shop_window_shopping, uniq_ijyb
D:4:      layout_basic, mainiacjoe_overflow_alcove_1, temple_hall,
          nicolae_shop_self_help, uniq_robin, uniq_blork_the_orc, uniq_edmund
Temple:   minmay_crystal_spiral_temple

Skill      XL: |  1  2  3  4  5  6 |
---------------+-------------------+-----
Shields        | 2 |  2.4
Staves         | 4 |  4.6
Fighting       | 3 4 |  4.0
Armour         | 2 3 |  3.0
Maces & Flails | 1 2 |  2.5
Axes           | |  1.0
Throwing       | |  1.0
Stealth        | |  1.2

Action                   |  1- 3 |  4- 6 || total
-------------------------+-------+-------++-------
Melee: Quarterstaff      |    85 |   189 ||   274
 Abil: Dig               |       |     1 ||     1
       Shaft Self        |       |     1 ||     1
  Use: Scroll            |     1 |     2 ||     3
       Potion            |       |     5 ||     5
 Stab: Sleeping          |     2 |       ||     2
Armor: Leather armour    |    23 |       ||    23
       Plate armour      |     4 |   162 ||   166
Dodge: Dodged            |    27 |    42 ||    69
Block: Buckler           |    17 |    41 ||    58

Table legend: (Time is in decaauts)
 A = Elapsed time spent in this place.
 B = Non-inter-level travel time spent in this place.
 C = Inter-level travel time spent in this place.
 D = Time resting spent in this place.
 E = Time spent auto-exploring this place.
 F = Levels seen in this place.
 G = Mean time per level.
                   A        B        C        D        E       F      G
               +--------+--------+--------+--------+--------+-----+--------+
         Total |   4716 |   4424 |    292 |      0 |   3527 |   5 |  943.2 |
       Dungeon |   4580 |   4336 |    244 |      0 |   3456 |   4 | 1145.0 |
        Temple |    135 |     88 |     47 |      0 |     71 |   1 |  135.0 |
               +--------+--------+--------+--------+--------+-----+--------+

Top non-repeatable levels by time:
     D:1: 1607 daAuts
     D:3: 1113 daAuts
     D:2: 956 daAuts
     D:4: 902 daAuts
  Temple: 135 daAuts
